 Dungeon Crawl Stone Soup version 0.20.2-3-g29329e0561 (webtiles) character file.

541 Alfie the Covered (level 7, -1/60 HPs)
             Began as a Hill Orc Fighter on July 13, 2023.
             Slain by Pikel
             ... wielding a +1 whip of freezing
              (2 damage)
             ... on level 4 of the Dungeon.
             The game lasted 00:10:08 (2696 turns).

Alfie the Covered (Hill Orc Fighter)                Turns: 2696, Time: 00:10:09

Health: -1/60      AC:  7    Str: 21    XL:     7   Next: 26%
Magic:  7/7        EV:  8    Int:  8    God:
Gold:   178        SH:  9    Dex: 10    Spells: 6/6 levels left

rFire    . . .     SeeInvis +   a - +0 rapier
rCold    . . .     Gourm    .   c - +0 shield
rNeg     . . .     Faith    .   b - +0 scale mail
rPois    +         Spirit   .   (no helmet)
rElec    .         Reflect  .   (no cloak)
rCorr    .         Harm     .   (no gloves)
MR       .....                  (no boots)
Stlth    ..........             (no amulet)
Regen    0.2/turn               l - ring of poison resistance
MPRegen  0.1/turn               d - ring of see invisible

@: invisible
A: no striking features
a: no special abilities


You were on level 4 of the Dungeon.
You were not hungry.

You visited 1 branch of the dungeon, and saw 4 of its levels.

You collected 178 gold pieces.

Inventory:

Hand Weapons
 a - a +0 rapier (weapon)
Missiles
 u - 4 tomahawks (quivered)
Armour
 b - a +0 scale mail (worn)
 c - a +0 shield (worn)
Jewellery
 d - a ring of see invisible (right hand)
 l - a ring of poison resistance (left hand)
 w - a cursed ring of positive energy {unknown}
Scrolls
 h - 2 scrolls of amnesia
 i - 2 scrolls of noise {unknown}
 j - a scroll of identify
 k - 2 scrolls of fog
 m - a scroll of enchant armour {unknown}
 n - a scroll of recharging {unknown}
 s - 2 scrolls of teleportation {unknown}
 v - a scroll of remove curse {unknown}
Potions
 e - a potion of invisibility
 o - a potion of brilliance {unknown}
 p - a potion of lignification
Comestibles
 f - 2 bread rations
 g - 2 meat rations


   Skills:
 + Level 4.9 Fighting
 + Level 4.6 Short Blades
 + Level 1.0 Throwing
 + Level 5.0 Armour
 + Level 1.4 Dodging
 + Level 0.8 Stealth
 + Level 4.6 Shields


You had 6 spell levels left.
You didn't know any spells.

Dungeon Overview and Level Annotations

Branches:
Dungeon (4/15)             Temple (0/1) D:4

Altars:
Okawaru
Xom

Annotations:
D:4 Pikel


Message History

* * * LOW HITPOINT WARNING * * *
You hit Pikel.
Pikel is moderately wounded.
Pikel barely misses you.
You closely miss Pikel.
Pikel is moderately wounded.
Pikel hits you with a whip of freezing!
* * * LOW HITPOINT WARNING * * *
Pikel freezes you.
* * * LOW HITPOINT WARNING * * *
You hit Pikel but do no damage.
Pikel is moderately wounded.
You puncture Pikel!
Pikel is heavily wounded.
Pikel hits you but does no damage.
You fade into invisibility!
Pikel hits you with a whip of freezing.
* * * LOW HITPOINT WARNING * * *
Pikel freezes you.
You die...

#.##.###.# ... #..#
#.#..# #.# .. #..#
#.#.####.# .#.#
#..### #.#.#
#..####.#...##.....
#.#.# #.......#
#........ #.#.#
#..P.P..# ###......
#.#.# #...>...#
#..##.## #...#
#KP.P.# #.># #..)
#..## #@....# #.#
###) ##..# ###.###
#.. #. #...#
###..##.... #.
#.<.# ##.......##
## ###.###..#######
# #.##[.## #
##.##.## #.....#
#....##


You could see Pikel.

Vanquished Creatures
  4 slaves (D:4)
  The ghost of Alfie the Skirmisher, an amateur HOFi (D:3)
  A scorpion (D:4)
  A howler monkey (D:4)
  3 crimson imps (D:3)
  An orc wizard (D:3)
  Terence (D:2)
  Jessica (D:3)
  4 gnolls (D:4)
  6 adders
  An adder skeleton (D:4)
  3 worms (D:2)
  2 dart slugs
  4 leopard geckos
  6 orcs
  4 giant cockroaches
  2 goblins
  4 hobgoblins
  4 jackals (D:2)
  11 kobolds
  2 quokkas
  A ball python (D:4)
  5 bats
  3 frilled lizards
  5 rats
80 creatures vanquished.

Notes
Turn   | Place    | Note
-------+----------+-------------------------------------------
     0 | D:1      | Alfie the Hill Orc Fighter began the quest for the Orb.
     0 | D:1      | Reached XP level 1. HP: 19/19 MP: 1/1
   268 | D:1      | Reached XP level 2. HP: 27/27 MP: 2/2
   671 | D:2      | Reached XP level 3. HP: 28/33 MP: 3/3
   709 | D:2      | Found an iron altar of Okawaru.
   736 | D:2      | You fall through a shaft!
   852 | D:3      | Noticed Jessica
   858 | D:3      | Killed Jessica
   858 | D:3      | Reached XP level 4. HP: 40/40 MP: 4/4
  1097 | D:2      | Noticed Terence
  1105 | D:2      | Killed Terence
  1105 | D:2      | Reached XP level 5. HP: 35/47 MP: 5/5
  1751 | D:3      | Noticed Alfie's ghost (amateur HOFi)
  1761 | D:3      | Killed Alfie's ghost
  1761 | D:3      | Reached skill level 4 in Armour
  1761 | D:3      | Reached skill level 1 in Dodging
  1761 | D:3      | Reached XP level 6. HP: 16/53 MP: 6/6
  1793 | D:3      | Found a shimmering altar of Xom.
  2251 | D:4      | Reached XP level 7. HP: 52/60 MP: 7/7
  2257 | D:4      | Reached skill level 1 in Throwing
  2582 | D:4      | Reached skill level 5 in Armour
  2683 | D:4      | Found a staircase to the Ecumenical Temple.
  2684 | D:4      | Noticed Pikel
  2696 | D:4      | HP: 1/60 [Pikel/whip of freezing (4)]
  2696 | D:4      | Slain by Pikel

Skill      XL: |  1  2  3  4  5  6  7 |
---------------+----------------------+-----
Fighting       | 4 |  4.9
Shields        | 4 |  4.6
Short Blades   | 3 4 |  4.6
Armour         | 4 5 |  5.0
Dodging        | 1 |  1.4
Throwing       | 1 |  1.0
Stealth        | |  0.8

Action                   |  1- 3 |  4- 6 |  7- 9 || total
-------------------------+-------+-------+-------++-------
Melee: Rapier            |    98 |   246 |   113 ||   457
Throw: Tomahawk          |       |    13 |       ||    13
  Use: Scroll            |     4 |     1 |     1 ||     6
       Potion            |       |     4 |     6 ||    10
  Eat: Bread ration      |       |     2 |       ||     2
Armor: Scale mail        |    43 |   101 |    30 ||   174
Dodge: Dodged            |    25 |    67 |    37 ||   129
Block: Shield            |    52 |   119 |    63 ||   234
